 Dungeon Crawl Stone Soup version 0.30.1-9-gdf580d7c3d (webtiles) character file.

Game seed: 2177026893749674916

47032 eliilek the Tortoise (level 14, 0/199 HPs)
             Began as a Minotaur Berserker on Oct 13, 2023.
             Was a High Priest of Trog.
             Succumbed to an orc warlord's poison
             ... on level 1 of the Orcish Mines.
             The game lasted 00:52:59 (15664 turns).

eliilek the Tortoise (Minotaur Berserker)          Turns: 15664, Time: 00:52:59

Health: 0/199      AC: 25    Str: 25    XL:     14   Next: 7%
Magic:  23/23      EV: 16    Int:  9    God:    Trog [*****.]
Gold:   2219       SH:  0    Dex: 18    Spells: 13/13 levels left

rFire   . . .        a - +2 dire flail (flame)
rCold   . . .        (shield currently unavailable)
rNeg    . . .        R - +0 plate armour
rPois   .            O - +3 hat of Pondering {ponderous, Will+ MP+10 Int+5}
rElec   .            f - +0 cloak
rCorr   .            j - +0 pair of gloves
SInv    .            S - +0 pair of boots
Will    ++...        n - amulet of regeneration Stlth
                     e - +6 ring of dexterity
HPRegen 1.33/turn    i - +5 ring of evasion
MPRegen 0.18/turn

%: no passive effects
@: berserking (expiring), lethally poisoned (0 -> -2), silenced, very quick
A: horns 2, retaliatory headbutt
a: Renounce Religion


You were on level 1 of the Orcish Mines.
You worshipped Trog.
Trog was extremely pleased with you.
You visited 3 branches of the dungeon, and saw 18 of its levels.

You collected 2219 gold pieces.

Inventory:

Hand Weapons
 a - a +2 dire flail of flaming (weapon)
 b - a +0 sling
Missiles
 o - 2 throwing nets
 r - 22 poisoned darts (quivered)
 N - 3 atropa-tipped darts
Armour
 f - a +0 cloak (worn)
 j - a +0 pair of gloves (worn)
 O - the +3 hat of Pondering (worn) {ponderous, Will+ MP+10 Int+5}
   (You took it off Gastronok on level 11 of the Dungeon)

   Int:       It affects your intelligence (+5).
   MP:        It affects your magic capacity (+10).
   Will:      It increases your willpower.
 R - a +0 plate armour (worn)
 S - a +0 pair of boots (worn)
Jewellery
 d - a ring of fire
 e - a +6 ring of dexterity (left hand)
 g - a ring of resist corrosion
 i - a +5 ring of evasion (right hand)
 k - a ring of see invisible
 n - an amulet of regeneration (around neck)
 w - a ring of protection from cold
 x - a ring of willpower
Wands
 m - a wand of quicksilver (34)
 q - a wand of charming (16)
 I - a wand of digging (7)
 J - a wand of iceblast (7)
 Q - a wand of mindburst (8)
 U - a wand of polymorph (6)
Scrolls
 h - 2 scrolls of poison {unknown}
 l - 3 scrolls of fog
 p - 2 scrolls of silence
 s - 2 scrolls of fear {unknown}
 u - a scroll of vulnerability {unknown}
 v - 6 scrolls of teleportation
 y - 4 scrolls of identify
 D - 5 scrolls of blinking
 E - 3 scrolls of enchant armour {unknown}
 K - 3 scrolls of enchant weapon {unknown}
 L - a scroll of magic mapping {unknown}
Potions
 c - 5 potions of flight
 t - 5 potions of heal wounds
 z - 11 potions of curing
 A - 2 potions of resistance
 B - 2 potions of invisibility
 C - 2 potions of cancellation
 F - a potion of might {unknown}
 G - a potion of lignification {unknown}
 H - a potion of magic
 M - a potion of berserk rage
 P - 2 potions of mutation {unknown}
 T - a potion of haste {unknown}


   Skills:
 + Level 14.9 Fighting
 + Level 15.1 Maces & Flails
 - Level 12.0 Ranged Weapons
 + Level 15.8 Armour
 + Level 5.8 Dodging


You had 13 spell levels left.
You didn't know any spells.
Your spell library was empty.

Dungeon Overview and Level Annotations

Branches:
Dungeon (11/15)            Temple (0/1) D:4            Lair (5/5) D:11
  Swamp (0/4) Lair:2        Snake (0/4) Lair:3        Slime (0/5) Lair:4
    Orc (2/2) D:11            Elf (0/3) Orc:2

Altars:
Ashenzari
Cheibriados
Elyvilon
Fedhas
Hepliaklqana
Kikubaaqudgha
Nemelex Xobeh
Okawaru
Qazlal
Uskayaw
Xom
The Shining One
Jiyva

Shops:
D:6 *   D:7 (:

Annotations:
D:9 4 transporters


Innate Abilities, Weirdness & Mutations

You have a pair of horns on your head.
You reflexively headbutt those who attack you in melee.


Message History

Trog accepts your kill.
* * * LOW HITPOINT WARNING * * *
You feel sick.
Unknown command.
Unknown command.
You are too berserk!
Okay, then.
You are too berserk!
You barely miss the ogre.
* * * LOW HITPOINT WARNING * * *
You feel sick. The orc warrior closely misses you.
The orc warrior barely misses you.
The orc warrior hits you but does no damage.
The ogre hits you but does no damage.
An orc priest comes into view. It is wielding a +0 dagger.
An ogre comes into view. It is wielding a +0 giant spiked club.
The orc warlord roars a battlecry!
The orc warriors go into a battle-frenzy!
Unknown command.
You hit the ogre. You burn the ogre. You headbutt the ogre!
The ogre is severely wounded.
* * * LOW HITPOINT WARNING * * *
You feel sick.
Unknown command.
Unknown command.
You barely miss the ogre.
The ogre is severely wounded.
* * * LOW HITPOINT WARNING * * *
You feel sick.
An orc warrior comes into view. It is wielding a +0 scimitar.
The orc warrior misses you. The orc misses you.
The orc warrior closely misses you. Something hits you but does no damage.
The orc warrior closely misses you.
The orc warlord roars a battlecry!
The orc warlord goes into a battle-frenzy!
An orc comes into view. It is wielding a +0 mace.
You impale the ogre!! You burn the ogre.
You kill the ogre!
Trog accepts your kill.
You die... ####..........#.# # #.#.............# ... # ..............#.# oOo # #...............# .T.o ##............#.# ooo#

###............# #oo##
##.........#.##ooO.#. #
###............#)ooh...
#
##..............@ooo....
#
#...............o{oo....
##..............#o......
##.##..........##......
#....#.........###.....
##...............##....
###.#............#####
#####.........## ###
##.....#.## ##.##


You could see 2 orc warlords, a troll, a warg, 6 orc warriors, 2 ogres, an orc
priest (strong), an orc wizard (strong) and 9 orcs.

Vanquished Creatures
  Gastronok (D:11)
  An orc warlord (Orc:1)
  4 hydras
  3 two-headed ogres
  Nergalle (Lair:2)
  2 skysharks
  An orc knight (Orc:1)
  3 orc sorcerers (Orc:1)
  5 elephants (Lair:4)
  4 black mambas
  2 torpor snails
  7 cane toads
  3 rime drakes
  8 komodo dragons
  7 polar bears
  4 trolls
  21 blink frogs
  4 hornets (Lair:5)
  7 dream sheep
  13 spriggans (Lair:5)
  2 shadows
  32 yaks
  2 wraiths (D:10)
  4 basilisks
  3 steam dragons
  4 wargs (Orc:1)
  3 nagas (Lair:3)
  7 water moccasins
  Duvessa (D:5)
  13 orc warriors
  4 black bears
  4 boggarts (Lair:5)
  11 ogres
  6 centaurs
  22 wolves
  A phantom (D:5)
  7 bullfrogs
  Blork the orc (D:4)
  A gnoll sergeant (D:10)
  A scorpion (D:5)
  13 wights
  Dowan (D:5)
  6 killer bees (D:9)
  3 electric eels
  5 howler monkeys
  3 hounds
  3 jellies (Lair:4)
  2 gnoll boudas
  9 orc priests
  Crazy Yiuf (D:7)
  Ijyb (D:5)
  3 iguanas
  10 orc wizards
  16 hell rats
  22 gnolls
  7 adders
  12 river rats (Lair:3)
  2 shadow imps (D:6)
  2 white imps
  4 worms
  3 dart slugs
  57 orcs
  3 ball pythons
  13 endoplasms
  3 giant cockroaches
  9 goblins
  5 hobgoblins
  7 jackals
  6 kobolds
  11 quokkas
  4 bats
  4 frilled lizards
  16 rats
  2 butterflies (D:4)
498 creatures vanquished.

Vanquished Creatures (collateral kills)
  2 elephants (Lair:4)
  4 blink frogs
  2 yaks (Lair:2)
  A spriggan (Lair:5)
  A water moccasin (Lair:2)
  3 orc warriors (Orc:1)
  2 ogres (Orc:1)
  3 wolves (Lair:5)
  2 orc priests (Orc:1)
  An orc wizard (Orc:1)
  An orc (Orc:1)
22 creatures vanquished.

Grand Total: 520 creatures vanquished

Notes
Turn   | Place    | Note
-------+----------+-------------------------------------------
     0 | D:1      | eliilek the Minotaur Berserker began the quest for the Orb.
     0 | D:1      | Reached XP level 1. HP: 19/19 MP: 0/0
    39 | D:1      | Reached XP level 2. HP: 15/27 MP: 1/1
   170 | D:1      | Found a faded altar of an unknown god.
   471 | D:1      | Reached XP level 3. HP: 31/33 MP: 2/2
   541 | D:1      | HP: 1/49 [gnoll/+0 flail (5)]
  1013 | D:2      | Reached skill level 5 in Maces & Flails
  1111 | D:2      | Reached XP level 4. HP: 39/41 MP: 3/3
  1229 | D:2      | Reached ** piety under Trog
  1641 | D:3      | Found a hide-covered altar of Uskayaw.
  2206 | D:3      | Reached *** piety under Trog
  2231 | D:3      | Identified the +1 dagger of Karma {protect, Fragile +Blink
                  | rN+ Stlth+}
  2629 | D:4      | Reached XP level 5. HP: 47/47 MP: 4/4
  2701 | D:4      | Identified the +3 leather armour of Ynen {rElec}
  2708 | D:4      | Noticed an ogre
  2714 | D:4      | Killed an ogre
  2715 | D:4      | Reached skill level 5 in Fighting
  2762 | D:4      | Noticed an ogre
  2772 | D:4      | Killed an ogre
  2773 | D:4      | Reached XP level 6. HP: 56/56 MP: 5/5
  2932 | D:4      | Found a staircase to the Ecumenical Temple.
  2971 | D:4      | Found a shimmering altar of Xom.
  3084 | D:4      | Found a stormy altar of Qazlal.
  3175 | D:4      | You fall into a shaft and drop 3 floors!
  3207 | D:6      | Found Jumpiok's Mass Market.
  3317 | D:5      | Entered Level 5 of the Dungeon
  3323 | D:5      | Noticed Duvessa
  3330 | D:5      | Noticed Dowan
  3336 | D:5      | Killed Duvessa
  3337 | D:5      | Reached XP level 7. HP: 55/64 MP: 6/6
  3338 | D:5      | Killed Dowan
  3512 | D:4      | Found a faded altar of an unknown god.
  3512 | D:4      | Noticed Blork the orc
  3520 | D:4      | Killed Blork the orc
  3523 | D:4      | Found a hazy altar of Hepliaklqana.
  3676 | D:5      | Found a white marble altar of Elyvilon.
  3757 | D:5      | Noticed Ijyb
  3786 | D:5      | Killed Ijyb
  4035 | D:5      | Reached XP level 8. HP: 62/73 MP: 7/7
  4489 | D:5      | Reached skill level 10 in Maces & Flails
  4529 | D:5      | Reached **** piety under Trog
  5330 | D:7      | Reached skill level 1 in Ranged Weapons
  5346 | D:7      | Found a snail-covered altar of Cheibriados.
  5437 | D:7      | Found Maonyima's Firing Range.
  5472 | D:7      | Found Niracare's Book Boutique.
  5590 | D:7      | Found a runed translucent door.
  5592 | D:7      | Noticed Crazy Yiuf
  5603 | D:7      | Killed Crazy Yiuf
  5838 | D:8      | Reached XP level 9. HP: 77/82 MP: 8/8
  6088 | D:8      | Found an iron altar of Okawaru.
  6088 | D:8      | Found a broken altar of Ashenzari.
  6088 | D:8      | Found a glowing golden altar of the Shining One.
  6266 | D:8      | Reached skill level 5 in Armour
  6738 | D:8      | Found a blossoming altar of Fedhas.
  6741 | D:8      | Found an ancient bone altar of Kikubaaqudgha.
  6939 | D:9      | Found a sparkling altar of Nemelex Xobeh.
  6939 | D:9      | Noticed a catoblepas
  6951 | D:9      | Noticed a gargoyle
  6953 | D:9      | Noticed a deep elf pyromancer
  6954 | D:9      | Found a transporter.
  6970 | D:9      | a raiju changed into a cane toad
  6970 | D:9      | Noticed a cane toad (shapeshifter)
  6973 | D:9      | a cane toad changed into a black mamba
  6973 | D:9      | Noticed a black mamba (shapeshifter)
  7053 | D:9      | Found a transporter.
  7056 | D:9      | Found a transporter.
  7169 | D:9      | Noticed a troll
  7176 | D:9      | Killed a troll
  7339 | D:9      | Noticed a glowing orange brain
  7342 | D:9      | a glowing orange brain changed into a shining eye
  7342 | D:9      | Noticed a shining eye (shapeshifter)
  7346 | D:9      | Found a transporter.
  7350 | D:9      | a shining eye changed into a dream sheep
  7420 | D:9      | Reached ***** piety under Trog
  7481 | D:9      | Reached XP level 10. HP: 82/88 MP: 9/9
  7497 | D:9      | Reached skill level 5 in Ranged Weapons
  7685 | D:10     | Entered Level 10 of the Dungeon
  7766 | D:10     | Noticed a two-headed ogre
  7782 | D:10     | Killed a two-headed ogre
  7836 | D:10     | Reached skill level 10 in Armour
  8029 | D:10     | Noticed a two-headed ogre
  8039 | D:10     | Killed a two-headed ogre
  8233 | D:11     | Found a staircase to the Orcish Mines.
  8305 | D:11     | Reached XP level 11. HP: 88/97 MP: 10/10
  8377 | D:11     | Noticed a two-headed ogre
  8386 | D:11     | Killed a two-headed ogre
  8539 | D:11     | Noticed Gastronok
  8572 | D:11     | Killed Gastronok
  8794 | D:11     | Found a staircase to the Lair.
  8815 | D:11     | Reached skill level 10 in Fighting
  9171 | Lair:1   | Entered Level 1 of the Lair of Beasts
  9943 | Lair:2   | Received a gift from Trog
 10124 | Lair:2   | Noticed a seven-headed hydra
 10133 | Lair:2   | Killed a seven-headed hydra
 10134 | Lair:2   | Reached XP level 12. HP: 100/110 MP: 11/11
 10146 | Lair:2   | Noticed Nergalle
 10150 | Lair:2   | Killed Nergalle
 10257 | Lair:2   | Reached skill level 10 in Ranged Weapons
 10482 | Lair:2   | Found a staircase to the Swamp.
 11009 | Lair:3   | Identified the +2 robe of Dishonour {rF++ Dex+3}
 11067 | Lair:3   | Found a staircase to the Snake Pit.
 11130 | Lair:3   | Noticed a six-headed hydra
 11148 | Lair:3   | Killed a six-headed hydra
 12119 | Lair:4   | Found an iron altar of Okawaru.
 12253 | Lair:4   | Reached XP level 13. HP: 86/122 MP: 12/12
 12554 | Lair:4   | Received a gift from Trog
 12843 | Lair:4   | Found a runed translucent door.
 12843 | Lair:4   | Found a viscous altar of Jiyva.
 12845 | Lair:4   | Found a staircase to the Slime Pits.
 13088 | Lair:5   | Entered Level 5 of the Lair of Beasts
 13496 | Lair:5   | Reached skill level 15 in Armour
 14233 | Lair:5   | Reached skill level 5 in Dodging
 14559 | Orc:1    | Entered Level 1 of the Orcish Mines
 14603 | Orc:1    | Paralysed by an orc sorcerer for 3 turns
 14607 | Orc:1    | Received a gift from Trog
 15019 | Orc:2    | Entered Level 2 of the Orcish Mines
 15019 | Orc:2    | Found a staircase to the Elven Halls.
 15615 | Orc:1    | Noticed an orc warlord
 15618 | Orc:1    | Noticed an orc warlord
 15636 | Orc:1    | Noticed an orc warlord
 15637 | Orc:1    | Reached skill level 15 in Maces & Flails
 15637 | Orc:1    | Reached XP level 14. HP: 101/133 MP: 13/13
 15658 | Orc:1    | Killed an orc warlord
 15658 | Orc:1    | HP: 9/199 [poisoned by an orc warlord]
 15659 | Orc:1    | HP: 4/199 [poisoned by an orc warlord]
 15662 | Orc:1    | HP: 1/199 [poisoned by an orc warlord]
 15664 | Orc:1    | Succumbed to an orc warlord's poison

Illustrated notes

Levels and vault maps discovered:
D:1:      psy_arrival_dodecagon, layout_basic,
          hellmonk_ecumenical_altar_dog_temple
D:2:      layout_rooms, serial_aquarium, aquarium_bridge_straight
          [aquarium_subvault_bridge, aquarium_subvault_window,
          aquarium_subvault_bridge, aquarium_subvault_window],
          aquarium_bridge_square [aquarium_subvault_wall,
          aquarium_subvault_bridge, aquarium_subvault_bridge,
          aquarium_subvault_bridge], aquarium_window_fake, aquarium_window_fake,
          aquarium_window_fake, aquarium_view_2b, aquarium_pool_corner,
          nrook_mini_backslash, minmay_unequal
D:3:      layout_loops_corners, mainiacjoe_overflow_tiny_flanked,
          minmay_pentangle
D:4:      layout_gridville, beargit_hepliaklqana_dungeon_heroes,
          nicolae_qazlal_eye_of_the_storm, xom_butterflies,
          minmay_temple_entry_metal_lava, serial_bayou_lagoon_a
D:5:      layout_loops_ring, mainiacjoe_overflow_paths, uniq_duvessa,
          uniq_blork_the_orc, uniq_ijyb
D:6:      layout_cave_pods, minmay_misc_feat_tiny, minmay_shop_mass,
          kennysheep_diamond
D:7:      layout_cave_pools, mainiacjoe_overflow_cross_hatched, serial_shops,
          nicolae_book_shop_shelving, st_stairs_6, nicolae_shop_firing_range,
          uniq_crazy_yiuf_cottage
D:8:      layout_basic, grunt_temple_overflow_growth_and_decay,
          gammafunk_temple_overflow_claw, st_stairs_4
D:9:      gammafunk_steamed_eel, layout_irregular_city,
          gammafunk_temple_overflow_arena
D:10:     layout_rooms
D:11:     layout_gridville, david_lair_shrubbed, orc_0_dummy, uniq_gastronok
Lair:1:   layout_gridlike, grunt_megastairs_3
Lair:2:   layout_long_grid, swamp_mist, uniq_nergalle
Lair:3:   lemuel_ratsnest, layout_chaotic_city, nicolae_snake_entry_squirm,
          serial_rivers, chequers_serial_rivers_micro_d,
          chequers_serial_rivers_micro_e, chequers_serial_rivers_small_a,
          chequers_serial_rivers_micro_a, dreamdust_gnoll_shepherd
Lair:4:   layout_cave_shapes, slime_entry_2, basic_altar,
          nicolae_quartered_pool_super, grunt_megastairs_2
Lair:5:   minmay_lair_end_enchanted_forest, layout_hall_layers,
          chequers_serial_rivers_room_a, minivault_23, serial_bayou_shore_a,
          lemuel_fruit_fields, lemuel_fruit_tree
Orc:1:    minmay_goldmine, layout_caves, minmay_orc_treasury
Orc:2:    grunt_orc_tribal_feast, layout_caves, lightli_orcish_oven

Skill      XL: |  1  2  3  4  5  6  7  8  9 10 11 12 13 |
---------------+----------------------------------------+-----
Maces & Flails | 4 5 6 7 8 9 11 13 14 15 | 15.1
Fighting       | 4 5 6 7 8 9 11 13 14 | 14.9
Ranged Weapons | 2 4 6 9 11 12 | 12.0
Armour         | 3 6 10 12 14 15 | 15.8
Dodging        | 5 |  5.8

Action                     |  1- 3 |  4- 6 |  7- 9 | 10-12 | 13-15 || total
---------------------------+-------+-------+-------+-------+-------++-------
  Melee: Mace              |    57 |       |       |       |       ||    57
         Headbutt          |     6 |    19 |    56 |   125 |   110 ||   316
         Flail             |    20 |   122 |   166 |       |       ||   308
         Punch             |       |     1 |     1 |       |       ||     2
         Dire flail        |       |       |    86 |   528 |   512 ||  1126
   Fire: Sling             |       |    14 |    89 |   124 |    92 ||   319
 Invoke: Berserk           |     1 |     2 |     1 |     2 |     2 ||     8
         Trog's Hand       |       |     1 |     1 |     1 |       ||     3
         Brothers in Arms  |       |       |       |     2 |     5 ||     7
    Use: Scroll            |       |       |     7 |     9 |     1 ||    17
         Potion            |       |       |       |       |     1 ||     1
   Stab: Sleeping          |     1 |       |       |       |       ||     1
         Distracted        |       |       |       |       |     1 ||     1
 Armour: Animal skin       |    15 |       |       |       |       ||    15
         Chain mail        |       |    38 |    96 |   130 |       ||   264
         Plate armour      |       |       |       |    12 |   258 ||   270
  Dodge: Dodged            |    47 |    84 |   203 |   309 |   373 ||  1016
